 Dungeon Crawl Stone Soup version 0.30-a0-965-g42e074c17a (webtiles) character file.

Game seed: 8211258720533583445

451714 cforsyth the Hoplite (level 25, -3/206 (211) HPs)
             Began as a Formicid Fighter on Mar 31, 2023.
             Was the Champion of Ru.
             Slain by a tentacled monstrosity (9 damage)
             ... on level 4 of the Vaults.
             The game lasted 01:40:09 (52266 turns).

cforsyth the Hoplite (Formicid Fighter)            Turns: 52266, Time: 01:40:10

HP:   -3/206 (211)  AC: 55    Str: 33    XL:     25   Next: 51%
MP:   16/20         EV: 11    Int: 14    God:    Ru [******]
Gold: 4376          SH: 36    Dex: 12    Spells: 24/24 levels left

rFire   + . .      SeeInvis +    K - +9 great mace (freeze)
rCold   . . .      Faith    .    n - +6 tower shield of Gravity {Drain rPois rN+ Regen+}
rNeg    + . .      Spirit   .    b - +15 Maxwell's patent armour {-Cast -Tele rElec Will+ rCorr}
rPois   +          Reflect  +    (helmet unavailable)
rElec   +          Rampage  .    S - +1 cloak {Will+}
rCorr   +          NoCast   +    U - +2 pair of gloves {Str+3}
Will    ++++.                    T - +2 pair of boots {Stlth+} Stlth
                                 B - amulet of reflection
HPRegen 2.14/turn                f - ring of the Tortoise {AC+8}
MPRegen 0.17/turn                N - ring of the Octopus King {HP+2 AC+2 EV+2 SH+2 SInv}

@: exhausted, flayed, constricted, studying 2 skills, lightly drained, unable to
read, unable to drink
A: permanent stasis, dig shafts and tunnels, antennae 3, low MP 1, screaming 1,
inability to drink after injury 2, no stealth, inability to use devices, hated
by all, no conjurations magic, no earth magic, no transmutations magic, four
strong arms, clever 1, fire resistance 1, regeneration 1, inability to read
after injury 1
}: 2/15 runes: decaying, serpentine
a: Dig, Shaft Self, Renounce Religion, Draw Out Power, Power Leap, Apocalypse


You were on level 4 of the Vaults.
You worshipped Ru.
Ru was exalted by your worship.
You visited 8 branches of the dungeon, and saw 39 of its levels.
You also visited: Gauntlet, Ice Cave and Wizlab.

You collected 5979 gold pieces.
You spent 1603 gold pieces at shops.

Inventory:

Hand Weapons
 K - a +9 great mace of freezing (weapon)
 M - a +3 heavy great mace
 O - a +6 morningstar of holy wrath
Armour
 b - the +15 Maxwell's patent armour (worn) {-Cast -Tele rElec Will+ rCorr}
   (You acquired it in a wizard's laboratory)

   rElec:     It insulates you from electricity.
   -Cast:     It prevents spellcasting.
   -Tele:     It prevents most forms of teleportation.
   rCorr:     It protects you from acid and corrosion.
   Will:      It increases your willpower.
 g - a +2 chain mail of cold resistance
 n - the +6 tower shield of Gravity (worn) {Drain rPois rN+ Regen+}
   (You acquired it in an ice cave)

   rPois:     It protects you from poison.
   rN:        It protects you from negative energy.
   Regen:     It increases your rate of health regeneration.
   Drain:     It drains your maximum health when unequipped.
 v - the +0 pair of gloves "Panwahit" {Str+6}
   (You bought it in a shop on level 1 of the Vaults)

   Str:       It affects your strength (+6).
 S - a +1 cloak of willpower (worn)
 T - a +2 pair of boots of stealth (worn)
 U - a +2 pair of gloves of strength (worn)
Jewellery
 a - a ring of protection from cold
 f - the ring of the Tortoise (left hand) {AC+8}
   (You found it on level 2 of the Vaults)

   [ring of protection]

   AC:        It affects your AC (+8).
 p - a ring of protection from fire
 q - the ring "Tejiemiz" {rF+ rN+ Dex-5 SInv}
   (You took it off a deep elf pyromancer on level 3 of the Elven Halls)

   [ring of protection from fire]

   Dex:       It affects your dexterity (-5).
   rF:        It protects you from fire.
   rN:        It protects you from negative energy.
   SInv:      It lets you see invisible.
 B - an amulet of reflection (around neck)
 D - a ring of positive energy
 E - an amulet of the acrobat
 J - a ring of protection from fire
 L - a ring of willpower
 N - a ring of the Octopus King (right hand) {HP+2 AC+2 EV+2 SH+2 SInv}
   (You found it on level 5 of the Lair of Beasts)

   [ring of see invisible]

   AC:        It affects your AC (+2).
   EV:        It affects your evasion (+2).
   HP:        It affects your health (+2).
   SInv:      It lets you see invisible.
   SH:        It affects your SH (+2).
 Y - a ring of poison resistance
 Z - the ring "Sider" {Fly rElec Str+2 Int+2 Slay-6}
   (You found it in a Gauntlet)

   [ring of flight]

   Str:       It affects your strength (+2).
   Int:       It affects your intelligence (+2).
   Slay:      It affects your accuracy & damage with ranged weapons and melee
   (-6).
   rElec:     It insulates you from electricity.
   Fly:       It grants you flight.
Wands
 h - a wand of light (19)
 z - a wand of flame (108)
Scrolls
 c - 10 scrolls of vulnerability
 j - 4 scrolls of torment
 l - 6 scrolls of fear
 m - a scroll of acquirement
 o - 5 scrolls of poison
 r - 4 scrolls of silence
 s - 7 scrolls of fog
 w - 5 scrolls of immolation
 x - a scroll of enchant weapon
 y - 6 scrolls of magic mapping
 I - 21 scrolls of identify
 X - 4 scrolls of enchant armour
Potions
 d - 10 potions of might
 e - 5 potions of cancellation
 i - 17 potions of curing
 k - 7 potions of attraction
 t - 15 potions of ambrosia
 u - 11 potions of heal wounds
 A - 9 potions of brilliance
 C - 2 potions of invisibility
 F - 8 potions of mutation
 G - 5 potions of flight
 P - 4 potions of magic
 Q - 5 potions of lignification
 W - 4 potions of resistance


   Skills:
 - Level 19.6 Fighting
 - Level 24.4 Maces & Flails
 + Level 21.7 Armour
 + Level 9.2 Dodging
 + Level 25.3 Shields


You had 24 spell levels left.
You didn't know any spells.
Your spell library contained the following spells:

 Spells                   Type           Power      Damage    Failure   Level
 Necrotise                Necr           0%         1d4       73%         1
 Slow                     Hex            0%         N/A       73%         1
 Cigotuvi's Dreadful Rot  Necr/Pois/Air  0%         N/A       86%         2
 Ensorcelled Hibernation  Hex/Ice        0%         N/A       86%         2
 Poisonous Vapours        Pois/Air       0%         N/A       86%         2
 Scorch                   Fire           0%         2d5       86%         2
 Confusing Touch          Hex            0%         N/A       97%         3
 Frozen Ramparts          Ice            0%         1d1       97%         3
 Gell's Gravitas          Tloc           0%         N/A       97%         3
 Kindle Blastsparks       Fire/Tloc/Air  0%         2d10      97%         3
 Ozocubu's Armour         Ice            0%         N/A       97%         3
 Portal Projectile        Hex/Tloc       0%         N/A       97%         3
 Teleport Other           Tloc           0%         N/A       97%         3
 Vampiric Draining        Necr           0%         2d6       97%         3
 Vhi's Electric Charge    Tloc/Air       0%         N/A       97%         3
 Airstrike                Air            0%         2d(0-16)  100%        4
 Anguish                  Hex/Necr       0%         N/A       100%        4
 Dispel Undead            Necr           0%         3d6       100%        4
 Manifold Assault         Tloc           0%         N/A       100%        4
 Olgreb's Toxic Radiance  Pois           0%         N/A       100%        4
 Passage of Golubria      Tloc           0%         N/A       100%        4
 Agony                    Necr           0%         N/A       100%        5
 Metabolic Englaciation   Hex/Ice        0%         N/A       100%        5
 Plasma Beam              Fire/Air       0%         2x1d7     100%        5
 Dispersal                Tloc           0%         N/A       100%        6
 Enfeeble                 Hex            0%         N/A       100%        7
 Ozocubu's Refrigeration  Ice            0%         4d7       100%        7
 Polar Vortex             Ice            0%         N/A       100%        9
 Beastly Appendage        Tmut           Unusable   N/A       N/A         1
 Foxfire                  Conj/Fire      Unusable   2x1d2     N/A         1
 Kiss of Death            Conj/Necr      Unusable   2d5       N/A         1
 Sandblast                Erth           Unusable   2d4       N/A         1
 Shock                    Conj/Air       Unusable   1d3       N/A         1
 Blink                    Tloc           Unusable   N/A       N/A         2
 Call Imp                 Summ           Unusable   N/A       N/A         2
 Passwall                 Tmut/Erth      Unusable   N/A       N/A         2
 Static Discharge         Conj/Air       Unusable   2-2/arc   N/A         2
 Call Canine Familiar     Summ           Unusable   N/A       N/A         3
 Spider Form              Tmut/Pois      Unusable   N/A       N/A         3
 Stone Arrow              Conj/Erth      Unusable   3d7       N/A         3
 Swiftness                Air            Unusable   N/A       N/A         3
 Tukima's Dance           Hex            Unusable   N/A       N/A         3
 Flame Wave               Conj/Fire      Unusable   2d4       N/A         4
 Fulminant Prism          Conj/Hex       Unusable   3d5       N/A         4
 Ice Form                 Ice/Tmut       Unusable   N/A       N/A         4
 Iskenderun's Mystic Bla  Conj/Tloc      Unusable   2d3       N/A         4
 Leda's Liquefaction      Hex/Erth       Unusable   N/A       N/A         4
 Summon Ice Beast         Ice/Summ       Unusable   N/A       N/A         4
 Alistair's Intoxication  Tmut/Pois      Unusable   N/A       N/A         5
 Arcjolt                  Conj/Air       Unusable   1d10      N/A         5
 Blade Hands              Tmut           Unusable   N/A       N/A         5
 Irradiate                Conj/Tmut      Unusable   3d11      N/A         5
 Lee's Rapid Deconstruct  Erth           Unusable   3d4*      N/A         5
 Yara's Violent Unravell  Hex/Tmut       Unusable   3d3       N/A         5
 Eringya's Noxious Bog    Tmut/Pois      Unusable   N/A       N/A         6
 Simulacrum               Ice/Necr       Unusable   N/A       N/A         6
 Summon Cactus Giant      Summ           Unusable   N/A       N/A         6
 Storm Form               Tmut/Air       Unusable   N/A       N/A         7

Dungeon Overview and Level Annotations

Branches:
Dungeon (15/15)            Temple (1/1) D:4            Lair (5/5) D:10
  Swamp (4/4) Lair:3        Snake (4/4) Lair:2          Orc (2/2) D:12
    Elf (3/3) Orc:2        Vaults (5/5) D:14          Crypt (0/3) Vaults:3
 Depths (0/4) D:15          IceCv (visited)          WizLab (visited)
Gauntlet (visited)
  Slime: Lair:4-5

Altars:
Ashenzari
Cheibriados
Dithmenos
Elyvilon
Gozag
Kikubaaqudgha
Nemelex Xobeh
Okawaru
Qazlal
Ru
Sif Muna
Trog
Uskayaw
Vehumet
Xom
Zin
The Shining One

Shops:
D:7 [   D:8 (   D:9 *=   D:14 [   Orc:1 (   Orc:2 =[[[   Elf:1 ?   Elf:2 **:
Elf:3 :   Snake:1 *[*   Snake:2 (   Vaults:1 [   Vaults:4 *?(

Annotations:
Lair:4 exclusion: 3 oklob plants
Elf:2 2 transporters, Hulashix's ghost, journeyman MiBe


Innate Abilities, Weirdness & Mutations

You cannot be hasted, slowed, berserked, paralysed or teleported.
You can dig through walls and to a lower floor.
You have a pair of large antennae on your head. (SInv)
Your magical capacity is low. (-10% MP)
You occasionally shout uncontrollably at your foes.
You sometimes lose the ability to drink potions when taking damage.
You cannot be stealthy.
You cannot study or use magical devices.
You are hated by all.
You cannot study or cast Conjurations magic.
You cannot study or cast Earth magic.
You cannot study or cast Transmutations magic.
Your four strong arms can wield two-handed weapons with a shield.
Your mind is acute. (Int +4, Str/Dex -1)
Your flesh is heat resistant. (rF+)
Your natural rate of healing is unusually fast.
You occasionally lose the ability to read scrolls when taking damage.


Message History

The vault guard hits you with a +0 long sword!
* * * LOW HITPOINT WARNING * * *
You focus your inner power and illuminate the vault guard in retribution!
The tentacled monstrosity tentacle-slaps you but does no damage.
The tentacled monstrosity closely misses you.
The tentacled monstrosity barely misses you.
The tentacled monstrosity constricts you!
* * * LOW HITPOINT WARNING * * *
The vault guard hits you but does no damage.
Unknown command.
Unknown command.
You bludgeon the tentacled monstrosity!!
The tentacled monstrosity is moderately wounded.
The titan waves its arms in wide circles.
The air twists around and strikes you.
You block the shadow dragon's attack. x2
The shadow dragon completely misses you.
The vault guard hits you but does no damage.
The tentacled monstrosity tentacle-slaps you but does no damage.
You block the tentacled monstrosity's attack.
The tentacled monstrosity tentacle-slaps you but does no damage.
The tentacled monstrosity constricts you.
Unknown command.
Unknown command.
Unknown command.
You cannot drink potions in your current state!
Okay, then.
Unknown command.
You pound the tentacled monstrosity like an anvil!!!
You freeze the tentacled monstrosity!
The tentacled monstrosity is severely wounded.
The vault guard closely misses you.
You block the shadow dragon's attack. x3
You block the titan's attack.
Unknown command.
Unknown command.
You cannot drink potions in your current state!
You bludgeon the tentacled monstrosity!!
You freeze the tentacled monstrosity.
The tentacled monstrosity is almost dead.
The tentacled monstrosity tentacle-slaps you!
You die...

#..>[.###.....##....:.#.....
#.....[.......##......#.....
###.........####..<...#.....
##.......## #......#.....
#.......# #......'.....
##.......## #############
###.........###
#.........[p[.#
######.........[@p.#
.....#.........DXC.#
.....'.............# #####
.....#####.....#####
######...### .....# #.....#
#...##.#.##. .....# ##...##
#....#...#.. .....#
##[#########..∩.##.##..
.....#
#........###..........
.....#
#........#####.#...#.#


You could see a shadow dragon, a tentacled monstrosity, a titan (empowered) and
2 vault guards.

Vanquished Creatures
  Frederick (Vaults:5)
  Vashnia (Snake:2)
  A bone dragon (Vaults:3)
  The ghost of HilariousDeathArtist the Warrior, an adept BaEn of Hepliaklqana (Vaults:2)
  Rupert (Lair:5)
  Mlioglotl (Swamp:1)
  Asterion (Elf:1)
  2 deep elf blademasters
  2 titans
  6 sphinxes
  2 deep elf master archers (Elf:3)
  Agnes (Snake:2)
  Frances (Swamp:1)
  A thorn hunter (Swamp:4)
  Kirke (Swamp:3)
  4 tengu reavers
  6 nagarajas
  Roxanne (Elf:1)
  2 fenstrider witches
  Aizul (Lair:3)
  8 vault wardens
  2 fire giants
  A frost giant (Vaults:1)
  Louise (Snake:2)
  8 deep elf sorcerers
  2 ghouls (Swamp:2)
  30 ironbound preservers
  4 demonspawn corrupters (WizLab)
  5 deep elf elementalists
  2 war gargoyles
  2 orc warlords
  8 ironbound thunderhulks
  2 stone giants
  8 very ugly things
  5 eleionomae
  5 deep elf demonologists
  9 dire elephants
  12 deep elf annihilators
  A minotaur (Gauntlet)
  3 bunyips
  6 deep elf death magi
  An ettin (Vaults:1)
  4 deep elf high priests
  2 entropy weavers
  2 shambling mangroves
  5 yaktaur captains
  7 great orbs of eyes
  28 vault guards
  17 hydras
  9 ironbound frosthearts
  A merfolk avatar (Lair:5)
  2 catoblepae
  2 caustic shrike simulacra (IceCv)
  8 ogre magi
  The ghost of porpoise the Fighter, a journeyman DjFE of Makhleb (D:8)
  2 boulder beetles
  7 anacondas
  A merfolk aquamancer (WizLab)
  8 centaur warriors
  3 death yaks (D:10)
  30 dancing weapons
  24 naga warriors
  16 two-headed ogres
  A deep troll earth mage (Vaults:5)
  12 alligators
  A tengu warrior (D:15)
  12 naga sharpshooters
  3 orc high priests
  Urug (Lair:4)
  A hell knight (WizLab)
  8 shock serpents
  30 deep elf knights
  The ghost of Newt the Spear-Bearer, a novice KoHu of Hepliaklqana (D:8)
  3 skysharks
  4 skeletal warriors (D:15)
  4 salamander mystics
  2 goliath frogs
  96 deep trolls
  A death drake (Swamp:2)
  5 spriggan druids
  3 glowing orange brains
  12 swamp dragons (Swamp:4)
  A sea snake (Snake:2)
  A flayed ghost (Vaults:1)
  9 naga ritualists
  2 orange crystal statues (IceCv)
  11 wizards
  18 ironbound convokers
  3 phantasmal warriors
  13 bog bodies
  19 deep elf archers
  4 harpies
  4 spectral hydras (Swamp:2)
  4 goliath frog zombies (Swamp:2)
  13 lindwurms
  42 deep elf pyromancers
  25 deep elf zephyrmancers
  19 ugly things
  13 mana vipers
  6 necromancers
  6 orc knights
  A human zombie (Vaults:3)
  A wolf spider (shapeshifter) (Vaults:2)
  12 orc sorcerers
  4 manticores
  3 will-o-the-wisps
  A sphinx skeleton (Vaults:3)
  A moth of wrath (Gauntlet)
  6 worldbinders (WizLab)
  11 salamanders
  8 cyclopes
  3 human skeletons (Vaults:3)
  A fire giant skeleton (Vaults:3)
  6 guardian serpents
  4 elephants
  44 black mambas
  17 vault sentinels
  22 naga magi
  A torpor snail (shapeshifter) (WizLab)
  2 ice statues (Snake:4)
  3 gargoyles
  9 cane toads
  3 large abominations (Swamp:2)
  3 minotaur zombies (Gauntlet)
  4 freezing wraiths (IceCv)
  5 swamp worm zombies (Swamp:2)
  A kobold demonologist (D:14)
  13 yaktaurs
  4 rime drakes
  2 golden dragon simulacra (IceCv)
  9 komodo dragons
  An anaconda simulacrum (IceCv)
  A tengu conjurer (Elf:1)
  4 guardian mummies (D:15)
  A queen bee (shapeshifter) (Vaults:5)
  3 wind drakes (Lair:5)
  2 bloated husks
  A queen bee (Lair:2)
  16 trolls
  The ghost of Lobster4 the Shooter, a novice SpHu of Hepliaklqana (D:5)
  6 hornets
  15 tyrant leeches
  22 blink frogs
  9 polar bears
  An alligator zombie (Swamp:2)
  2 snapping turtles (Lair:5)
  2 spectral swamp dragons (Swamp:2)
  34 slime creatures
  A stone giant simulacrum (Vaults:3)
  5 spriggans
  A jumping spider (shapeshifter) (Vaults:1)
  Sigmund (D:3)
  7 wyverns
  3 vampires (D:13)
  A shadow (D:9)
  A tyrant leech zombie (Swamp:2)
  42 yaks
  5 wraiths
  3 water elementals
  3 basilisks
  2 fire elementals
  3 dire elephant simulacra (IceCv)
  A hog (Swamp:3)
  7 redbacks
  A redback (shapeshifter) (Vaults:5)
  4 steam dragons
  9 vampire mosquitoes
  An elf simulacrum (Vaults:3)
  2 harpy simulacra
  5 humans
  9 wargs
  39 nagas
  3 acid dragons
  2 hydra simulacra (IceCv)
  10 swamp worms
  A glowing shapeshifter skeleton (Vaults:3)
  11 water moccasins
  A floating eye (D:13)
  27 orc warriors
  8 swamp drakes
  3 black bears (D:5)
  An ice beast (D:8)
  A sky beast (D:3)
  2 alligator simulacra (IceCv)
  An ettin simulacrum (IceCv)
  3 boggarts
  An ogre (shapeshifter) (Vaults:4)
  A deep troll simulacrum (Vaults:3)
  25 ogres
  11 wolves
  4 centaurs
  2 phantoms
  4 kobold brigands
  16 bullfrogs
  4 earth elementals
  4 gnoll sergeants
  2 scorpions
  A wyvern skeleton (D:5)
  8 wights
  A spriggan zombie (Swamp:2)
  2 troll zombies (Swamp:2)
  30 killer bees
  2 lindwurm simulacra (IceCv)
  9 howler monkeys
  2 electric eels
  A gnoll bouda (D:6)
  3 centaur zombies
  21 orc priests
  2 hounds
  A jelly (D:6)
  2 centaur skeletons
  4 iguanas
  23 orc wizards
  2 hell rats (D:10)
  A boggart simulacrum (D:13)
  4 mummies (D:15)
  Robin (D:3)
  35 gnolls
  14 adders
  A river rat (D:10)
  2 shadow imps
  2 white imps (D:8)
  An ufetubus (D:5)
  2 worms (D:2)
  3 dart slugs
  115 orcs
  10 ball pythons
  3 bats
  8 endoplasms
  3 giant cockroaches
  11 goblins
  7 hobgoblins
  18 jackals
  24 kobolds
  7 quokkas
  5 frilled lizards
  8 rats
1782 creatures vanquished.

Vanquished Creatures (others)
  2 nagarajas (Snake:4)
  An ironbound preserver (Vaults:3)
  A deep elf demonologist (Elf:3)
  A boulder beetle (D:9)
  An ironbound frostheart (Vaults:4)
  2 naga warriors
  A dancing weapon (Elf:1)
  2 two-headed ogres
  2 deep elf knights (Elf:2)
  A goliath frog (Swamp:1)
  A deep troll (Vaults:4)
  A naga ritualist (Snake:2)
  A deep elf archer (Elf:2)
  A wizard (WizLab)
  An ironbound convoker (Vaults:2)
  2 deep elf pyromancers (Elf:1)
  An orc sorcerer (Orc:1)
  A deep elf zephyrmancer (Elf:2)
  A mana viper (Snake:3)
  An ugly thing (D:14)
  A cane toad (Lair:3)
  2 vault sentinels
  7 bloated husks
  2 slime creatures
  A wraith (Swamp:2)
  A yak (D:9)
  A steam dragon (Lair:1)
  A swamp worm (Swamp:4)
  2 nagas
  An orc warrior (Elf:2)
  A wolf (shapeshifter) (Vaults:2)
  A boggart (Vaults:2)
  2 necrophages (Swamp:2)
  A killer bee (D:8)
  A howler monkey (D:12)
  2 orc wizards
  A gnoll (D:9)
  10 orcs
  A quokka (D:10)
  18 foxfires
  29 fungi
  83 plants
  A withered plant (Swamp:2)
195 creatures vanquished.

Grand Total: 1977 creatures vanquished

Notes
Turn   | Place    | Note
-------+----------+-------------------------------------------
     0 | D:1      | cforsyth the Formicid Fighter began the quest for the Orb.
     0 | D:1      | Reached XP level 1. HP: 18/18 MP: 1/1
    78 | D:1      | Reached XP level 2. HP: 24/24 MP: 2/2
   352 | D:1      | Reached XP level 3. HP: 30/30 MP: 3/3
   879 | D:2      | Found a faded altar of an unknown god.
   965 | D:2      | Reached XP level 4. HP: 37/37 MP: 4/4
  1850 | D:3      | Reached XP level 5. HP: 38/42 MP: 5/5
  2325 | D:3      | Reached XP level 6. HP: 42/49 MP: 6/6
  2340 | D:3      | Reached skill level 5 in Maces & Flails
  2429 | D:3      | Reached skill level 5 in Fighting
  2885 | D:2      | Reached XP level 7. HP: 15/56 MP: 7/7
  3334 | D:3      | Noticed Sigmund
  3341 | D:3      | Killed Sigmund
  4318 | D:3      | Identified the +5 helmet "Zuthekecs" {Int+3}
  4318 | D:3      | Noticed Robin
  4331 | D:3      | Reached XP level 8. HP: 28/64 MP: 3/8
  4348 | D:3      | Killed Robin
  4877 | D:4      | Found a shimmering blue altar of Sif Muna.
  5346 | D:4      | Found a staircase to the Ecumenical Temple.
  5354 | Temple   | Entered the Ecumenical Temple
  5414 | Temple   | Became a worshipper of Ru the Awakened
  5439 | D:4      | Noticed a wyvern
  5452 | D:4      | Killed a wyvern
  6029 | D:5      | Entered Level 5 of the Dungeon
  6290 | D:5      | Reached XP level 9. HP: 36/72 MP: 9/9
  6481 | D:5      | Found a transporter.
  6484 | D:5      | Noticed Lobster4's ghost (novice SpHu)
  6767 | D:5      | Gained mutation: Your natural rate of healing is unusually
                  | fast. [potion of mutation]
  6767 | D:5      | Gained mutation: Your flesh is heat resistant. (rF+)
                  | [potion of mutation]
  6767 | D:5      | Gained mutation: Your mind is acute. (Int +4, Str/Dex -1)
                  | [potion of mutation]
  7091 | D:5      | Found a transporter.
  7340 | D:6      | Gained mutation: You are hated by all. [Ru sacrifice]
  7340 | D:6      | Reached * piety under Ru
  7340 | D:6      | Reached ** piety under Ru
  7486 | D:6      | Reached skill level 10 in Maces & Flails
  7753 | D:6      | Noticed a two-headed ogre
  7761 | D:6      | Killed a two-headed ogre
  7762 | D:6      | Reached XP level 10. HP: 74/83 MP: 10/10
  7806 | D:6      | Found a shadowy altar of Dithmenos.
  8110 | D:7      | Found Iteyn's Antique Armour Shoppe.
  8618 | D:7      | Noticed a two-headed ogre
  8627 | D:7      | Killed a two-headed ogre
  8872 | D:8      | Reached skill level 10 in Fighting
  8888 | D:8      | Gained mutation: You cannot be stealthy. [Ru sacrifice]
  9136 | D:8      | Found Oshret's Weapon Emporium.
  9464 | D:8      | Reached XP level 11. HP: 92/92 MP: 11/11
  9485 | D:8      | Found a runed translucent door.
  9488 | D:8      | Noticed Newt's ghost (novice KoHu)
  9488 | D:8      | Identified the +10 trident of Joyful Slaughter {flame,
                  | *Slow rCorr Str+3 Int+2}
  9906 | D:9      | Found a runed translucent gate.
  9906 | D:9      | Found a runed translucent gate.
  9906 | D:9      | Found a runed translucent gate.
  9910 | D:9      | Noticed porpoise's ghost (journeyman DjFE)
  9918 | D:9      | Found Icaunwi's General Store.
  9929 | D:9      | Noticed a boulder beetle
 10426 | D:9      | Killed a boulder beetle
 10548 | D:9      | Noticed a two-headed ogre
 10562 | D:9      | Killed a two-headed ogre
 10625 | D:9      | Identified the +0 short sword "Soanuela" {flame, Str+4
                  | Int+2}
 10628 | D:9      | Gained mutation: You occasionally lose the ability to drink
                  | potions when taking damage. [Ru sacrifice]
 10628 | D:9      | Gained mutation: You sometimes lose the ability to drink
                  | potions when taking damage. [Ru sacrifice]
 10628 | D:9      | Reached *** piety under Ru
 10636 | D:9      | Found Inilam's Jewellery Boutique.
 10830 | D:9      | Noticed a two-headed ogre
 10840 | D:9      | Killed a two-headed ogre
 11068 | D:9      | Found a snail-covered altar of Cheibriados.
 11071 | D:9      | Found an ancient bone altar of Kikubaaqudgha.
 11177 | D:10     | Entered Level 10 of the Dungeon
 11233 | D:10     | Found a radiant altar of Vehumet.
 11423 | D:10     | Noticed a death yak
 11470 | D:10     | Killed a death yak
 11643 | D:10     | Found a staircase to the Lair.
 11644 | D:10     | Noticed a death yak
 11644 | D:10     | Noticed a death yak
 11681 | D:10     | Killed a death yak
 11682 | D:10     | Reached XP level 12. HP: 96/102 MP: 12/12
 11694 | D:10     | Killed a death yak
 11695 | D:10     | Reached skill level 15 in Maces & Flails
 11757 | D:10     | Found a glowing golden altar of the Shining One.
 11896 | D:10     | Noticed a two-headed ogre
 11907 | D:10     | Killed a two-headed ogre
 11947 | D:10     | Got the Atlas of Toxicity and the Quake
 12087 | D:11     | Noticed a two-headed ogre
 12305 | D:11     | Killed a two-headed ogre
 13032 | D:12     | Noticed a two-headed ogre
 13280 | D:12     | Found a staircase to the Orcish Mines.
 13325 | D:11     | Gained mutation: You cannot study or use magical devices.
                  | [Ru sacrifice]
 13325 | D:11     | Reached **** piety under Ru
 13325 | D:11     | Reached ***** piety under Ru
 13781 | D:12     | Killed a two-headed ogre
 14017 | Lair:1   | Entered Level 1 of the Lair of Beasts
 14103 | Lair:1   | You are sucked into a shaft and drop 1 floor!
 14314 | Lair:1   | Reached XP level 13. HP: 111/111 MP: 13/13
 15224 | Lair:1   | Noticed a five-headed hydra
 15233 | Lair:1   | Killed a five-headed hydra
 15237 | Lair:1   | Identified a scroll of acquirement
 15476 | Lair:2   | Found a staircase to the Snake Pit.
 15541 | Lair:2   | Identified the +6 quarterstaff of Excruciating Pain {heavy,
                  | Str+3}
 15621 | Lair:2   | Noticed a catoblepas
 15658 | Lair:2   | Killed a catoblepas
 16597 | Lair:2   | Noticed a four-headed hydra
 16604 | Lair:2   | Killed a four-headed hydra
 17108 | Lair:3   | Found a staircase to the Swamp.
 18268 | Lair:4   | Noticed a four-headed hydra
 18281 | Lair:4   | Killed a four-headed hydra
 18282 | Lair:4   | Reached XP level 14. HP: 56/121 MP: 14/14
 18631 | Lair:4   | Noticed Urug
 18648 | Lair:4   | Killed Urug
 18820 | Lair:4   | Reached skill level 15 in Fighting
 19061 | Lair:5   | Entered Level 5 of the Lair of Beasts
 19454 | Lair:5   | Noticed Rupert
 19469 | Lair:5   | Killed Rupert
 20998 | Lair:5   | Found the ring of the Octopus King
 21005 | Lair:5   | Identified a ring of the Octopus King {HP+2 AC+2 EV+2 SH+2
                  | SInv}
 21375 | Orc:1    | Entered Level 1 of the Orcish Mines
 21526 | D:5      | Killed Lobster4's ghost
 21695 | D:8      | Killed Newt's ghost
 21991 | D:8      | Killed porpoise's ghost
 22517 | Orc:1    | Reached XP level 15. HP: 131/131 MP: 15/15
 22942 | Orc:1    | Found Beeding's Antique Weapon Shoppe.
 23081 | Orc:2    | Entered Level 2 of the Orcish Mines
 23961 | Orc:1    | Noticed an orc warlord
 23972 | Orc:1    | Killed an orc warlord
 24491 | Orc:2    | Found Time's Jewellery Shoppe.
 24547 | Orc:2    | Found Copludeu's Antique Armour Shoppe.
 24557 | Orc:2    | Found Xazox's Antique Armour Shop.
 24566 | Orc:2    | Found Tetriat's Armour Emporium.
 24570 | Orc:2    | Bought a pair of embroidered boots for 202 gold pieces
 24585 | Orc:2    | Bought a +2 pair of gloves of strength for 322 gold pieces
 24719 | Orc:2    | Found a staircase to the Elven Halls.
 24957 | D:13     | Identified the +7 short sword of Watchfulness {heavy, Str+2
                  | Int+2 Dex-4}
 25024 | D:13     | Noticed a fenstrider witch
 25035 | D:13     | Killed a fenstrider witch
 25343 | D:13     | Reached XP level 16. HP: 124/141 MP: 16/16
 25799 | D:13     | Got Sif Muna's Octavo of the Xenomorphic Comitatus
 26066 | D:14     | You fall into a shaft and drop 1 floor!
 26066 | D:15     | Entered Level 15 of the Dungeon
 26163 | D:15     | Found a gate leading to a gauntlet.
 26174 | Gauntlet | Entered a Gauntlet
 26174 | Gauntlet | Found a transporter.
 26174 | Gauntlet | Found a transporter.
 26232 | Gauntlet | Found a transporter.
 26236 | Gauntlet | Found a transporter.
 26244 | Gauntlet | Found a transporter.
 26248 | Gauntlet | Found a transporter.
 26259 | Gauntlet | Found a transporter.
 26273 | Gauntlet | Found a transporter.
 26300 | Gauntlet | Found a transporter.
 26304 | Gauntlet | Found a transporter.
 26308 | Gauntlet | Found a runed translucent door.
 26317 | Gauntlet | Found a transporter.
 26321 | Gauntlet | Found a transporter.
 26495 | Gauntlet | Identified the ring "Sider" {Fly rElec Str+2 Int+2 Slay-6}
 27112 | D:15     | Found a staircase to the Depths.
 27254 | D:15     | Gained mutation: You occasionally shout uncontrollably at
                  | your foes. [Ru sacrifice]
 27562 | D:14     | Found Yjotuef's Antique Armour Shop.
 27918 | D:14     | Found a gate to the Vaults.
 28399 | Snake:1  | Entered Level 1 of the Snake Pit
 29133 | Snake:1  | Reached XP level 17. HP: 151/151 MP: 17/17
 29497 | Snake:1  | Found Qebroang's General Store.
 29499 | Snake:1  | Found Unoneutime's Antique Armour Shoppe.
 29501 | Snake:1  | Found Muebanee's Assorted Antiques.
 29544 | Snake:1  | Gained mutation: Your magical capacity is low. (-10% MP)
                  | [Ru sacrifice]
 30173 | Snake:2  | Found Xurooxka's Weapon Emporium.
 30356 | Snake:2  | Noticed Agnes
 30368 | Snake:2  | Killed Agnes
 30613 | Snake:2  | Noticed Vashnia
 30625 | Snake:2  | Killed Vashnia
 30882 | Snake:2  | Noticed Louise
 30895 | Snake:2  | Killed Louise
 31992 | Snake:3  | Reached XP level 18. HP: 141/141 MP: 16/16
 32061 | Snake:3  | Gained mutation: You cannot study or cast Earth magic. [Ru
                  | sacrifice]
 32061 | Snake:3  | Gained mutation: You cannot study or cast Transmutations
                  | magic. [Ru sacrifice]
 32061 | Snake:3  | Gained mutation: You cannot study or cast Conjurations
                  | magic. [Ru sacrifice]
 32061 | Snake:3  | Reached ****** piety under Ru
 32557 | Snake:3  | Reached skill level 5 in Shields
 32917 | Snake:3  | Reached skill level 6 in Shields
 33124 | Snake:3  | Reached skill level 5 in Armour
 33555 | Snake:4  | Entered Level 4 of the Snake Pit
 33571 | Snake:4  | Found a frozen archway.
 33741 | IceCv    | Entered an ice cave
 33810 | IceCv    | Reached skill level 7 in Shields
 34666 | IceCv    | Acquired 714 gold pieces
 34688 | IceCv    | Acquired the +6 tower shield of Gravity {Drain rPois rN+
                  | Regen+}
 35000 | Snake:4  | Found a shadowy altar of Dithmenos.
 35120 | Snake:4  | Reached skill level 8 in Shields
 35270 | Snake:4  | Reached skill level 9 in Shields
 35955 | Snake:4  | Reached skill level 10 in Shields
 36326 | Snake:4  | Reached skill level 11 in Shields
 36376 | Snake:4  | Reached XP level 19. HP: 167/167 MP: 17/17
 36393 | Snake:4  | Got a serpentine rune of Zot
 36586 | Swamp:1  | Entered Level 1 of the Swamp
 36586 | Swamp:1  | Noticed Aizul
 36597 | Lair:3   | Killed Aizul
 36943 | Swamp:1  | Reached skill level 10 in Armour
 36957 | Swamp:1  | Noticed Frances
 36963 | Swamp:1  | Killed Frances
 36999 | Swamp:1  | Reached skill level 12 in Shields
 37232 | Swamp:1  | Noticed Mlioglotl
 37264 | Swamp:1  | Killed Mlioglotl
 38175 | Swamp:2  | Reached skill level 13 in Shields
 38766 | Swamp:3  | Reached skill level 14 in Shields
 38942 | Swamp:3  | Noticed Kirke
 38962 | Swamp:3  | Killed Kirke
 39302 | Swamp:4  | Entered Level 4 of the Swamp
 39548 | Swamp:4  | Reached skill level 15 in Shields
 39548 | Swamp:4  | Reached XP level 20. HP: 154/159 MP: 9/18
 39725 | Swamp:4  | Got a decaying rune of Zot
 40141 | Vaults:1 | Entered Level 1 of the Vaults
 40349 | Vaults:1 | Found a magical portal.
 40358 | WizLab   | Entered Alistair's Party Mansion
 40383 | WizLab   | Reached skill level 16 in Shields
 41032 | WizLab   | Reached skill level 17 in Shields
 41032 | WizLab   | Reached XP level 21. HP: 141/141 MP: 18/18
 41038 | WizLab   | Acquired the +15 Maxwell's patent armour {-Cast -Tele rElec
                  | Will+ rCorr}
 41038 | WizLab   | Found the +15 Maxwell's patent armour {-Cast -Tele rElec
                  | Will+ rCorr}
 41400 | WizLab   | Got Vuith's Opusculum on Effluvium and Therianthropy
 41487 | WizLab   | Got the Opusculum on the Shifting Assassin
 41556 | Vaults:1 | Reached skill level 15 in Armour
 41740 | Vaults:1 | Reached skill level 18 in Shields
 41934 | Vaults:1 | Found Lysustr Rike's Antique Armour Boutique.
 41942 | Vaults:1 | Bought a pair of encrusted gloves for 313 gold pieces
 41942 | Vaults:1 | Identified the +0 pair of gloves "Panwahit" {Str+6} (You
                  | bought it in a shop on level 1 of the Vaults)
 42102 | Vaults:1 | Got the Octavo of Fever and Hypothermia
 42287 | Vaults:1 | Reached XP level 22. HP: 188/188 MP: 19/19
 43046 | Vaults:2 | Reached skill level 19 in Shields
 43213 | Vaults:2 | Found a transporter.
 43213 | Vaults:2 | Noticed HilariousDeathArtist's ghost (adept BaEn)
 43219 | Vaults:2 | Found a transporter.
 43494 | Vaults:2 | Found the ring of the Tortoise {AC+8}
 43713 | Vaults:2 | Killed HilariousDeathArtist's ghost
 43750 | Vaults:2 | Reached skill level 20 in Shields
 44903 | Vaults:3 | Reached skill level 21 in Shields
 44932 | Vaults:3 | Reached XP level 23. HP: 181/181 MP: 12/20
 45199 | Vaults:3 | Gained mutation: You occasionally lose the ability to read
                  | scrolls when taking damage. [a neqoxec]
 45642 | Vaults:3 | Found a staircase to the Crypt.
 45899 | Vaults:3 | Reached skill level 22 in Shields
 46463 | Vaults:4 | Reached skill level 1 in Dodging
 46488 | Vaults:4 | Found Tinyuxzu's Magic Scroll Shop.
 46488 | Vaults:4 | Found Ustrod's Assorted Antiques.
 46571 | Vaults:4 | Found Paestrion's Antique Weapon Shop.
 46577 | Vaults:4 | Bought a scroll of acquirement for 624 gold pieces
 46752 | Vaults:4 | Reached skill level 23 in Shields
 47330 | Vaults:4 | Reached XP level 24. HP: 202/202 MP: 20/20
 47673 | Elf:1    | Entered Level 1 of the Elven Halls
 47726 | Elf:1    | Identified the +4 war axe "Tuugusul" {freeze, Will+ Dex+3}
 47855 | Elf:1    | Noticed Roxanne
 47857 | Elf:1    | Identified the +4 kite shield of the Shoals {rC- Regen+
                  | Int+8}
 47857 | Elf:1    | Noticed Asterion
 47875 | Elf:1    | Killed Asterion
 47932 | Elf:1    | Reached skill level 5 in Dodging
 48427 | Elf:1    | Found Faqeam's Magic Scroll Emporium.
 48435 | Elf:1    | Bought a scroll of brand weapon for 142 gold pieces
 48571 | Elf:1    | Killed Roxanne
 49169 | Elf:2    | Noticed Hulashix's ghost (journeyman MiBe)
 49183 | Elf:2    | Found a bloodstained altar of Trog.
 49280 | Elf:2    | Found a transporter.
 49282 | Elf:2    | Found a transporter.
 49341 | Elf:2    | Reached skill level 24 in Shields
 49426 | Elf:2    | Found Gydduero's Specific Store.
 49428 | Elf:2    | Found Vaiseifu's General Store.
 49512 | Elf:2    | Found Yrphuedey's Self-Improvement Boutique.
 49590 | Elf:2    | Found a runed translucent gate.
 49591 | Elf:2    | Found a runed translucent gate.
 49591 | Elf:2    | Found a runed translucent gate.
 50172 | Elf:3    | Entered Level 3 of the Elven Halls
 50707 | Elf:3    | Reached XP level 25. HP: 186/207 MP: 20/20
 50847 | Elf:3    | Identified the +5 scale mail of Objectivity {+Inv Will+
                  | Dex+3}
 50989 | Elf:3    | Identified the +7 falchion "Vidon" {antimagic, +Blink rF+
                  | rN+ Str+3}
 51133 | Elf:3    | Identified the +6 leather armour of the Big Bang {Fly rElec
                  | rF+ Str+3}
 51152 | Elf:3    | Identified the +1 cloak "Yptuafin" {Int+4}
 51160 | Elf:3    | Identified the +0 war axe "Xuath" {speed, Int+3}
 51186 | Elf:3    | Identified the ring "Tejiemiz" {rF+ rN+ Dex-5 SInv}
 51187 | Elf:3    | Identified the +3 arbalest of Arrival {flame, Int+5}
 51187 | Elf:3    | Identified the +8 shortbow "Silunar" {drain, rCorr Str+5
                  | Dex-2}
 51195 | Elf:3    | Reached skill level 25 in Shields
 51506 | Elf:3    | Found Zunuadd's Vocational Training.
 51859 | Vaults:5 | Entered Level 5 of the Vaults
 52225 | Vaults:5 | Noticed Frederick
 52244 | Vaults:5 | Killed Frederick
 52263 | Vaults:4 | HP: 9/206 [vault guard/+0 long sword (7)]
 52263 | Vaults:4 | HP: 1/206 [constriction (8)]
 52266 | Vaults:4 | Slain by a tentacled monstrosity

Illustrated notes

Levels and vault maps discovered:
D:1:      matt_arrival_grand_opening, layout_basic
D:2:      layout_basic, nicolae_ecumenical_lake_church
D:3:      lemuel_castle_with_subvaults [lemuel_castle_interior_original],
          layout_basic, kennysheep_generic_room_5, uniq_sigmund, uniq_robin
D:4:      layout_basic, marbit_many_paths, temple_green,
          hangedman_decor_peaks_small
D:5:      layout_loops_ring, gammafunk_ghost_mausoleum, roderic_lattice_a,
          nicolae_kite_square_tiling_tiny
D:6:      layout_basic, grunt_dithmenos_shadows
D:7:      layout_gridville, serial_shops, shop
D:8:      layout_basic, ebering_ghost_funeral_grove, special_room
          [special_room_orc], serial_shops, nicolae_shop_waterfront
D:9:      layout_stronghold, minitemple, biasface_ghost_orc_armoury,
          serial_shops, nicolae_shop_crystal, shop, st_stairs_2
D:10:     layout_small_grid, nicolae_vehumet_altar_sigil, tso_oasis_becter,
          dpeg_lair_monsters
D:11:     layout_basic
D:12:     layout_long_grid, erik_orc_4, serial_glass, glass_columns_b,
          glass_columns_a
D:13:     hellmonk_paralyzer, layout_basic
D:14:     layout_roguey, grunt_vaults_entry_fortified, minmay_misc_feat_columns,
          serial_shops, shop
D:15:     grunt_enter_depths_magical_seal, layout_small_grid,
          minmay_misc_feat_tiny, gauntlet_entry_generic,
          minmay_guarded_unrand_curses
Temple:   nicolae_temple_bog_church
Lair:1:   layout_loops_ring, wad_woods_road_05, grunt_megastairs_5,
          infiniplex_staircase_pool_2
Lair:2:   layout_long_grid, guppyfry_snake_entry_garden, special_room
          [special_room_bee], lemuel_fruit_tree
Lair:3:   layout_cave_pods, minmay_swamp_entry_swarm, grunt_megastairs_3
Lair:4:   layout_cave_pods, minmay_slime_entry_oklob_enclosed, uniq_urug
Lair:5:   gammafunk_lair_ancient_temple, layout_long_grid, uniq_rupert
Swamp:1:  layout_basic_swamp, serial_swamp_ruin, evilmike_swamp_ruin_house_3,
          hangedman_swamp_ruin_wall, evilmike_swamp_ruin_house_6,
          infiniplex_staircase_pool, uniq_aizul, uniq_mlioglotl, uniq_frances
Swamp:2:  cheibrodos_swamp_mausoleum, layout_basic_swamp,
          nicolae_swamp_some_circles, swamp_pool3, statue_in_the_mist_lemuel,
          nzn_swamp_blast_mining
Swamp:3:  layout_basic_swamp, evilmike_swamp_ruin_rubble_1, swamp_pool1,
          nicolae_swamp_super_fun_site, uniq_kirke
Swamp:4:  swamp, layout_basic_swamp
Snake:1:  layout_chambers, st_stairs_4, nicolae_triple_integral,
          minmay_shop_star
Snake:2:  layout_gridlike, serial_shops, shop_fountains, nicolae_integral_box,
          serial_bayou_shore_a, uniq_vashnia, uniq_agnes, uniq_louise
Snake:3:  layout_layer_cave
Snake:4:  snake_pit, layout_cave_town, basic_altar,
          portal_ice_cave_entry_ice_statue_two
Orc:1:    layout_caves, serial_shops,
          nicolae_shop_temple_entry_statues_fountains, minmay_orc_barracks
Orc:2:    st_orc_open, layout_diamond_mine
Elf:1:    elf_arrival_002, layout_loops_ring, serial_shops, shop_fountains,
          hangedman_elf_disciples, nicolae_elf_blasts_and_bolts, uniq_asterion,
          uniq_roxanne
Elf:2:    nicolae_elf_blades_crystal_corner, layout_gridlike,
          gammafunk_ghost_wrathful_warriors, nicolae_specific_store,
          ebering_dispersal_statue_hall, drop_trap, nicolae_shop_self_help
Elf:3:    grunt_elf_hall_spiral, layout_rooms, nicolae_shop_vocational
Vaults:1: mu_enter_wizlab_5, nicolae_vaults_network_quincunx
          [nicolae_vaults_network_quincunx_subvault,
          nicolae_vaults_network_quincunx_subvault,
          nicolae_vaults_network_quincunx_subvault,
          nicolae_vaults_network_quincunx_subvault,
          nicolae_vaults_network_quincunx_subvault], v_alt_pattern_4,
          nicolae_vaults_circle_grid_a, ontoclasm_vaults_spin,
          grunt_vaults_funnel, v_misc_30, v_misc_32, ontoclasm_vaults_chip,
          ontoclasm_vaults_gateway, st_check, ontoclasm_vaults_decontamination,
          layout_vaults_quadrants, serial_shops, shop
Vaults:2: gammafunk_ghost_arena, v_alt_pattern_3, nicolae_vaults_hallways_thing,
          nicolae_vaults_shelves_hall, v_misc_28, vaults_standard_mumra_x,
          nicolae_vaults_triangles, vaults_standard_mumra_enter_the_diamond,
          v_misc_14, nicolae_vaults_windows_and_doors_thing,
          nicolae_vaults_yaktaur_gun_rack, layout_vaults_big_room
Vaults:3: hangedman_vaults_locks, ontoclasm_vaults_ring_square,
          hangedman_vaults_cutoff, hangedman_vaults_maws,
          minmay_crypt_entry_nasty_monster, nicolae_vaults_little_squares_2,
          nicolae_vaults_rhombus_7, layout_vaults_omnicross
Vaults:4: hangedman_vaults_hard_town_square, vaults_room_pool,
          nicolae_vaults_network_barrier, ontoclasm_vaults_ligature,
          nicolae_vaults_puzzle_piece, ontoclasm_vaults_claustrophobia,
          v_alt_pattern_6, v_pattern_4, v_misc_33, v_misc_17, vaults_dpeg_cross,
          vaults_standard_mumra_lines, nicolae_vaults_back_hallway, v_misc_25,
          layout_vaults_omnibox
Vaults:5: serial_shops, uniq_frederick

Skill      XL: |  1  2  3  4  5  6  7  8  9 10 11 12 13 14 15 16 17 18 19 20 21 22 23 24 25 |
---------------+----------------------------------------------------------------------------+-----
Maces & Flails | 3 4 5 7 8 11 12 14 16 18 20 21 23 24 | 24.4
Fighting       | 4 5 6 7 9 10 12 13 14 16 17 18 19 | 19.6
Armour         | 9 12 14 15 18 19 21 | 21.7
Shields        | 11 15 17 18 21 23 24 25 | 25.3
Dodging        | 3 7 9 |  9.2

Action                     |  1- 3 |  4- 6 |  7- 9 | 10-12 | 13-15 | 16-18 | 19-21 | 22-24 | 25-27 || total
---------------------------+-------+-------+-------+-------+-------+-------+-------+-------+-------++-------
  Melee: Flail             |    85 |   193 |   434 |   777 |   508 |       |       |       |       ||  1997
         Great mace        |       |       |       |       |   627 |  1118 |  1132 |  1660 |   206 ||  4743
 Invoke: Sacrifice Love    |       |       |     1 |       |       |       |       |       |       ||     1
         Sacrifice Stealth |       |       |       |     1 |       |       |       |       |       ||     1
         Sacrifice Drink   |       |       |       |     1 |       |       |       |       |       ||     1
         Power Leap        |       |       |       |     2 |     1 |     1 |       |       |       ||     4
         Sacrifice Artific |       |       |       |     1 |       |       |       |       |       ||     1
         Apocalypse        |       |       |       |       |     7 |     6 |     5 |     3 |     1 ||    22
         Reject Sacrifices |       |       |       |       |     2 |       |       |       |       ||     2
         Sacrifice Purity  |       |       |       |       |       |     1 |       |       |       ||     1
         Sacrifice Essence |       |       |       |       |       |     1 |       |       |       ||     1
         Sacrifice Arcana  |       |       |       |       |       |     1 |       |       |       ||     1
  Evoke: Wand              |       |       |     1 |     6 |       |       |       |       |       ||     7
    Use: Potion            |       |     1 |     4 |       |       |     2 |     1 |       |       ||     8
         Scroll            |       |       |     9 |     5 |     6 |     7 |     3 |     6 |     1 ||    37
   Stab: Invisible         |       |       |     1 |     8 |     9 |    15 |     3 |       |     3 ||    39
         Distracted        |       |       |       |     3 |     6 |     5 |     4 |     5 |       ||    23
         Paralysed         |       |       |       |     2 |     9 |    12 |     3 |     1 |     1 ||    28
         Petrified         |       |       |       |       |     2 |       |       |       |       ||     2
         Confused          |       |       |       |       |       |       |     1 |       |       ||     1
 Armour: Scale mail        |    44 |    97 |   216 |     4 |       |       |       |       |       ||   361
         Plate armour      |       |       |       |   234 |   355 |       |    57 |   694 |    82 ||  1422
         Chain mail        |       |       |       |       |    27 |   105 |   282 |       |       ||   414
         Ring mail         |       |       |       |       |       |   175 |       |       |       ||   175
  Dodge: Dodged            |    47 |   102 |   198 |   120 |   207 |   251 |   159 |   303 |    38 ||  1425
  Block: Buckler           |    18 |    61 |    95 |       |       |       |       |       |       ||   174
         Kite shield       |       |       |    11 |   387 |   737 |   425 |       |       |       ||  1560
         Reflection        |       |       |       |    10 |    15 |   102 |    37 |    97 |    24 ||   285
         Tower shield      |       |       |       |       |       |   456 |  1186 |  2086 |   326 ||  4054

Table legend: (Time is in decaauts)
 A = Elapsed time spent in this place.
 B = Non-inter-level travel time spent in this place.
 C = Inter-level travel time spent in this place.
 D = Time resting spent in this place.
 E = Time spent auto-exploring this place.
 F = Levels seen in this place.
 G = Mean time per level.
                   A        B        C        D        E       F      G
               +--------+--------+--------+--------+--------+-----+--------+
         Total |  51638 |  48333 |   3305 |   8794 |  26460 |  42 | 1229.5 |
       Dungeon |  18818 |  17225 |   1593 |   2436 |  10865 |  15 | 1254.5 |
        Temple |     86 |     65 |     21 |      0 |     52 |   1 |   86.0 |
          Lair |   7596 |   7056 |    540 |   1626 |   3875 |   5 | 1519.2 |
         Swamp |   3350 |   3180 |    170 |    309 |   1758 |   4 |  837.5 |
     Snake Pit |   6498 |   6319 |    179 |    957 |   3770 |   4 | 1624.5 |
  Orcish Mines |   2309 |   2156 |    153 |    760 |    795 |   2 | 1154.5 |
   Elven Halls |   3790 |   3634 |    156 |    993 |   1654 |   3 | 1263.3 |
        Vaults |   6405 |   5915 |    490 |    391 |   3380 |   5 | 1281.0 |
      Ice Cave |   1243 |   1243 |      0 |    862 |     42 |   1 | 1243.0 |
        Wizlab |   1173 |   1173 |      0 |    460 |    185 |   1 | 1173.0 |
      Gauntlet |    367 |    367 |      0 |      0 |     83 |   1 |  367.0 |
               +--------+--------+--------+--------+--------+-----+--------+

Top non-repeatable levels by time:
 Snake:3: 2294 daAuts
     D:2: 2166 daAuts
     D:3: 2003 daAuts
  Lair:5: 1986 daAuts
Vaults:2: 1727 daAuts
Vaults:4: 1661 daAuts
     D:9: 1643 daAuts
  Lair:2: 1627 daAuts
 Snake:2: 1622 daAuts
     D:8: 1618 daAuts
Vaults:1: 1599 daAuts
   Elf:2: 1492 daAuts
 Snake:1: 1422 daAuts
    D:12: 1418 daAuts
   Elf:1: 1398 daAuts
